 Dungeon Crawl Stone Soup version 0.31-a0-524-g2a164cf6a2 (webtiles) character file.

Game seed: 386250861424859128

76 AdnanSaban the Covered (level 4, -1/29 HPs)
             Began as a Gargoyle Fighter on Aug 12, 2023.
             Slain by a goblin
             ... wielding a +0 club
             ... led by Robin
              (2 damage)
             ... on level 2 of the Dungeon.
             The game lasted 00:00:54 (909 turns).

AdnanSaban the Covered (Gargoyle Fighter)            Turns: 909, Time: 00:00:55

Health: -1/29      AC: 10    Str: 21    XL:     4   Next: 32%
Magic:  4/4        EV:  9    Int:  9    God:
Gold:   54         SH:  4    Dex:  9    Spells: 3/3 levels left

rFire   . . .        a - +0 flail
rCold   . . .        c - +0 buckler
rNeg    + . .        b - +0 scale mail
rPois   ∞            (no helmet)
rElec   +            (no cloak)
rCorr   .            (no gloves)
SInv    .            (no boots)
Will    .....        (no amulet) Stlth
                     (no ring)
HPRegen 0.24/turn    (no ring)
MPRegen 0.09/turn

%: no passive effects
@: no status effects
A: sickness immunity, AC +3, negative energy resistance 1, electricity
resistance, torment resistance 1, petrification resistance
a: no special abilities


You were on level 2 of the Dungeon.
You visited 1 branch of the dungeon, and saw 2 of its levels.

You collected 54 gold pieces.

Inventory:

Hand Weapons
 a - a +0 flail (weapon)
Missiles
 e - a throwing net
 g - 6 javelins
Armour
 b - a +0 scale mail (worn)
 c - a +0 buckler (worn)
Jewellery
 l - an amulet of faith
Scrolls
 f - a scroll of identify {unknown}
 h - a scroll of poison {unknown}
 j - a scroll of teleportation {unknown}
 m - a scroll of acquirement {unknown}
Potions
 d - a potion of might
 i - a potion of brilliance {unknown}
 k - a potion of heal wounds {unknown}


   Skills:
 + Level 3.8 Fighting
 + Level 3.1 Maces & Flails
 + Level 3.8 Armour
 + Level 0.2 Dodging
 + Level 3.6 Shields


You had 3 spell levels left.
You didn't know any spells.
Your spell library was empty.

Dungeon Overview and Level Annotations

Branches:
Dungeon (2/15)

Altars:


Innate Abilities, Weirdness & Mutations

You are immune to sickness and miasma.
Your stone body is resilient. (AC +3)
You are immune to poison.
You resist negative energy. (rN+)
You are resistant to electric shocks. (rElec)
You are resistant to unholy torment.
You are immune to petrification.


Message History

The goblin attacks as you move away! The goblin hits you but does no damage.
Items here: )))) †.
Unknown command.
The goblin attacks as you move away! The goblin hits you with a +0 club.
You are too injured to fight recklessly!
You closely miss the goblin. The goblin hits you but does no damage.
The goblin hits you with a +0 club.
You closely miss the goblin. The goblin hits you but does no damage.
Robin flexes a bicep menacingly.
You closely miss the goblin. The goblin hits you with a +0 club.
* * * LOW HITPOINT WARNING * * *
Robin throws the goblin at you!
You sock the goblin!
You kill the goblin!
The goblin hits you with a +0 club.
* * * LOW HITPOINT WARNING * * *
The goblin attacks as you move away! The goblin barely misses you.
You block the goblin's attack.
Items here: ))))) ††.
You sock the goblin!
You kill the goblin!
You block the goblin's attack. The goblin hits you with a +0 club.
* * * LOW HITPOINT WARNING * * *
Robin closely misses you.
You thump Robin!
Robin is severely wounded.
You block the goblin's attack. Robin hits you but does no damage.
You barely miss Robin.
Robin is severely wounded.
The goblin barely misses you. Robin barely misses you.
You thump Robin!
You kill Robin!
The goblin hits you but does no damage.
You closely miss the hobgoblin.
The hobgoblin no longer looks unusually strong.
The goblin no longer looks unusually strong.
You block the hobgoblin's attack. The goblin hits you with a +0 club.
* * * LOW HITPOINT WARNING * * *
The hobgoblin closely misses you. The goblin hits you with a +0 club.
You die...

######### ###### #.......#
#....######.......#
######....+............#
.###.........# #..........####.
.............###...............
............%g@g.....†..>..####
.####........###...........#
#.#..##### #......).†..#
#######+##.# #...........#
#........gg##### ##'######.######
#.....)...g).gg## #.............#
#.........####..##########.####.#
+.........# ##..# #.# #.#
#.........# #..g..# #.# #.#


You could see a hobgoblin and a goblin.

Vanquished Creatures
  Robin (D:2)
  2 adders (D:2)
  A dart slug (D:1)
  A bat (D:1)
  2 endoplasms
  3 giant cockroaches
  13 goblins
  4 hobgoblins
  2 kobolds
  4 quokkas
  2 ball pythons (D:1)
  2 frilled lizards (D:1)
  3 rats
40 creatures vanquished.

Notes
Turn   | Place    | Note
-------+----------+-------------------------------------------
     0 | D:1      | AdnanSaban the Gargoyle Fighter began the quest for the
                  | Orb.
     0 | D:1      | Reached XP level 1. HP: 14/14 MP: 1/1
   109 | D:1      | Reached XP level 2. HP: 19/19 MP: 2/2
   480 | D:1      | Reached XP level 3. HP: 21/23 MP: 3/3
   853 | D:2      | Noticed Robin
   880 | D:2      | Reached XP level 4. HP: 26/29 MP: 4/4
   908 | D:2      | Killed Robin
   909 | D:2      | HP: 1/29 [goblin/+0 club[Robin] (3)]
   909 | D:2      | Slain by a goblin

Illustrated notes

Levels and vault maps discovered:
D:1:      giann_horns, layout_loops_ring
D:2:      layout_basic, dreamdust_ecumenical_altar_statues, minmay_octomino_j4,
          uniq_robin

Skill      XL: |  1  2  3  4 |
---------------+-------------+-----
Maces & Flails | 3 |  3.1
Fighting       | |  3.8
Armour         | |  3.8
Dodging        | |  0.2
Shields        | |  3.6

Action                     |  1- 3 |  4- 6 || total
---------------------------+-------+-------++-------
  Melee: Flail             |   101 |    16 ||   117
 Armour: Scale mail        |    55 |    20 ||    75
  Dodge: Dodged            |    36 |    15 ||    51
  Block: Buckler           |    19 |     9 ||    28

Table legend: (Time is in decaauts)
 A = Elapsed time spent in this place.
 B = Non-inter-level travel time spent in this place.
 C = Inter-level travel time spent in this place.
 D = Time resting spent in this place.
 E = Time spent auto-exploring this place.
 F = Levels seen in this place.
 G = Mean time per level.
                   A        B        C        D        E       F      G
               +--------+--------+--------+--------+--------+-----+--------+
         Total |    944 |    928 |     16 |      0 |    674 |   2 |  472.0 |
       Dungeon |    944 |    928 |     16 |      0 |    674 |   2 |  472.0 |
               +--------+--------+--------+--------+--------+-----+--------+

Top non-repeatable levels by time:
     D:1: 714 daAuts
     D:2: 229 daAuts
